 Dungeon Crawl Stone Soup version 0.29-a0-284-gf9362112df (webtiles) character file.

Game seed: 3397753779240210088

56 silky the Skirmisher (level 3, -2/34 HPs)
             Began as a Minotaur Chaos Knight on Apr 1, 2022.
             Was a Plaything of Xom.
             Slain by Terence
             ... wielding a +0 flail
              (4 damage)
             ... on level 2 of the Dungeon.
             The game lasted 00:02:53 (1228 turns).

silky the Skirmisher (Minotaur Chaos Knight)        Turns: 1228, Time: 00:02:54

Health: -2/34      AC:  6    Str: 18    XL:     3   Next: 69%
Magic:  2/2        EV: 11    Int:  9    God:    Xom [..*...]
Gold:   96         SH:  0    Dex:  9    Spells: 2/2 levels left

rFire   . . .      SeeInvis .   a - +0 hand axe (chaos)
rCold   . . .      Faith    .   (no shield)
rNeg    . . .      Spirit   .   b - +2 leather armour
rPois   .          Reflect  .   (helmet restricted)
rElec   .          Harm     .   (no cloak)
rCorr   .          Rampage  .   d - +0 pair of gloves
Will    .....                   (no boots)
Stlth   +.........              (no amulet)
HPRegen 0.11/turn               (no ring)
MPRegen 0.08/turn               (no ring)

@: flying, invisible
A: horns 2, retaliatory headbutt
a: Renounce Religion


You were on level 2 of the Dungeon.
You worshipped Xom.
You were a toy of Xom.
You visited 1 branch of the dungeon, and saw 2 of its levels.

You collected 96 gold pieces.

Inventory:

Hand Weapons
 a - a +0 hand axe of chaos (weapon)
Armour
 b - a +2 leather armour (worn)
 d - a +0 pair of gloves (worn)
Scrolls
 f - a scroll of acquirement {unknown}
 j - a scroll of vulnerability {unknown}
 l - a scroll of immolation {unknown}
 m - a scroll of magic mapping {unknown}
 n - a scroll of enchant armour {unknown}
Miscellaneous
 c - a piece from Xom's chessboard (15/15) (quivered)


   Skills:
 + Level 4.4 Fighting
 + Level 4.4 Axes
 + Level 3.0 Armour
 + Level 1.5 Dodging
 + Level 0.4 Stealth


You had 2 spell levels left.
You didn't know any spells.
Your spell library was empty.

Dungeon Overview and Level Annotations

Branches:
Dungeon (2/15)

Altars:

Annotations:
D:2 Terence


Innate Abilities, Weirdness & Mutations

You have a pair of horns on your head.
You reflexively headbutt those who attack you in melee.


Message History

It was a potion of heal wounds.
You feel much better. Something hits you!
It was a potion of invisibility.
You fade into invisibility!
Something hits you.
You see here 7 gold pieces.
You now have 96 gold pieces (gained 7).
Something hits you.
You miss something. Something hits you.
You closely miss something. Your headbutt misses something. Something hits you.
You hit something. Something hits you.
* * * LOW HITPOINT WARNING * * *
You miss something. Something hits you.
* * * LOW HITPOINT WARNING * * *
Terence appears from thin air!
Reactivating autopickup.
Terence says, "Don't bother to defend, it's senseless."
You hit Terence.
Terence is lightly wounded.
Terence misses you.
You hit Terence but do no damage.
Terence is lightly wounded.
You feel very buoyant.
You fly up into the air.
Terence screams, "I'm going to kill you!"
You barely miss Terence.
Terence is lightly wounded.
Terence hits you with a +0 flail.
* * * LOW HITPOINT WARNING * * *
You hit Terence but do no damage.
Terence is poisoned.
Terence is lightly wounded.
Terence barely misses you.
You hit Terence but do no damage.
Terence is lightly wounded.
Terence misses you. Terence closely misses you.
You barely miss Terence.
Terence is lightly wounded.
Terence barely misses you.
You hit Terence. You burn Terence.
Terence is moderately wounded.
Terence hits you with a +0 flail.
You die...

#!..........
#.....|.....
#...........
#...........
###...........
..............
#...........
#############...........
.......@@...............
#############...........
#...........
#########..# ... ... .#.
.


You could see Terence (can't see you, very poisoned).

Vanquished Creatures
  A dart slug (D:1)
  2 bats (D:1)
  4 endoplasms
  2 giant cockroaches
  6 hobgoblins
  7 jackals (D:1)
  A quokka (D:1)
  7 ball pythons
  A frilled lizard (D:1)
  8 goblins
  3 kobolds
  4 rats
46 creatures vanquished.

Notes
Turn   | Place    | Note
-------+----------+-------------------------------------------
     0 | D:1      | silky the Minotaur Chaos Knight began the quest for the
                  | Orb.
     0 | D:1      | Reached XP level 1. HP: 19/19 MP: 0/0
   148 | D:1      | Reached XP level 2. HP: 27/27 MP: 1/1
   643 | D:1      | Reached XP level 3. HP: 34/34 MP: 2/2
   859 | D:1      | Found a faded altar of an unknown god.
  1179 | D:2      | Noticed Terence
  1228 | D:2      | Slain by Terence

Illustrated notes

Levels and vault maps discovered:
D:1:      heliophobic_arrival_dark_side_of_the_moon, layout_loops_ring,
          shapermc_ecumenical_altar_mp_vishouse, minmay_unequal
D:2:      layout_basic, kennysheep_generic_room_13, uniq_jessica, uniq_terence,
          uniq_sigmund

Skill      XL: |  1  2  3 |
---------------+----------+-----
Fighting       | 4 |  4.4
Axes           | 4 |  4.4
Armour         | 3 |  3.0
Dodging        | |  1.5
Stealth        | |  0.4

Action                   || total
-------------------------++-------
Melee: Hand axe          ||    93
       Headbutt          ||    11
       Punch             ||     2
  Use: Potion            ||     5
       Scroll            ||     1
 Stab: Paralysed         ||     2
Armor: Leather armour    ||    31
Dodge: Dodged            ||    78

Table legend: (Time is in decaauts)
 A = Elapsed time spent in this place.
 B = Non-inter-level travel time spent in this place.
 C = Inter-level travel time spent in this place.
 D = Time resting spent in this place.
 E = Time spent auto-exploring this place.
 F = Levels seen in this place.
 G = Mean time per level.
                   A        B        C        D        E       F      G
               +--------+--------+--------+--------+--------+-----+--------+
         Total |   1236 |   1207 |     29 |      0 |    877 |   2 |  618.0 |
       Dungeon |   1236 |   1207 |     29 |      0 |    877 |   2 |  618.0 |
               +--------+--------+--------+--------+--------+-----+--------+

Top non-repeatable levels by time:
     D:1: 897 daAuts
     D:2: 339 daAuts
